 Dungeon Sprint DCSS version 0.21.2 (webtiles) character file.

296 Fang the Fighter (level 6, 0/45 HPs)
             Began as a Gargoyle Berserker on Jan 23, 2019.
             Was a High Priest of Trog.
             Slain by an orc priest
             ... wielding a +0 club
              (3 damage)
             ... in the Dungeon (Sprint VII: "The Pits").
             The game lasted 00:01:59 (552 turns).

Fang the Fighter (Gargoyle Berserker)                Turns: 552, Time: 00:01:59

Health: 0/45       AC: 10    Str: 23    XL:     6   Next: 35%
Magic:  6/6        EV: 11    Int:  7    God:    Trog [*****.]
Gold:   0          SH:  0    Dex:  9    Spells: 5/5 levels left

rFire    . . .     SeeInvis .   m - +1 hand axe (freeze)
rCold    . . .     Gourm    .   (no shield)
rNeg     + . .     Faith    .   n - +3 scale mail
rPois    ∞         Spirit   .   (no helmet)
rElec    +         Reflect  .   (no cloak)
rCorr    .         Harm     .   (no gloves)
MR       .....     NoTele   +   (no boots)
Stlth    ..........             (no amulet)
HPRegen  0.15/turn              (no ring)
MPRegen  0.10/turn              (no ring)

@: corroded, berserk cooldown, slowed, very slow
A: negative energy resistance 1, electricity resistance, unbreathing,
petrification resistance, rot immunity, AC +4
a: Berserk, Trog's Hand, Brothers in Arms, Burn Spellbooks, Renounce Religion


You were in the Dungeon.
You worshipped Trog.
Trog was extremely pleased with you.
You were not hungry.

You visited 1 branch

Inventory:

Hand Weapons
 j - a +2 hand axe
 m - a +1 hand axe of freezing (weapon)
Armour
 b - a +0 animal skin
 n - a +3 scale mail (worn)
Scrolls
 i - a scroll of blinking
 k - 3 scrolls of remove curse
 l - a scroll of summoning
Potions
 a - 2 potions of invisibility
 d - 6 potions of curing
 e - 6 potions of heal wounds
 f - a potion of haste
 g - 4 potions of magic
 h - 3 potions of berserk rage
Comestibles
 c - 9 rations


   Skills:
 + Level 8.3 Fighting
 + Level 8.2 Axes
 + Level 5.1 Armour
 + Level 4.2 Dodging
 + Level 2.0 Stealth


You had 5 spell levels left.
You didn't know any spells.

Dungeon Overview and Level Annotations

Branches:
Dungeon (1/1)

Altars:


Innate Abilities, Weirdness & Mutations

You are resistant to torment.
Your stone body is resilient. (AC +4)
You are immune to poison.
You resist negative energy. (rN+)
You are resistant to electric shocks. (rElec)
You can survive without breathing.
You are immune to petrification.
You are immune to rotting.


Message History

You closely miss the orc priest.
The orc priest is heavily wounded.
You barely miss the orc priest. The orc priest closely misses you.
The orc priest hits you but does no damage.
The orc wizard mumbles some strange words.
The orc wizard blinks!
The orc priest closely misses you. The orc priest barely misses you.
You completely miss the orc priest.
The orc priest is heavily wounded.
You hit the orc priest. You freeze the orc priest.
The orc priest looks encouraged for a moment.
The orc priest hits you with a club.
* * * LOW HITPOINT WARNING * * *
You hit the orc priest but do no damage.
The orc priest is heavily wounded.
You closely miss the orc priest.
The orc wizard mumbles some strange words.
The orc wizard blinks!
The orc priest closely misses you. The orc priest hits you with a club.
You die...

#.###'###))##.....
#.#.....#))##.....
#.#.....#[.##.....
#.####'##'###...<.
#.#........##.....
#.#........##.....
#'###########.....
#.o.....# ######
#@###..§# #o# .#
#{# #.o #.. #.o.
####


You could see 2 orc priests and 2 orc wizards.

Vanquished Creatures
  Duvessa (D)
  A bullfrog (D)
  Dowan (D)
  A jelly (D)
  2 adders (D)
  A river rat (D)
  A bat zombie (D)
  A goblin (D)
  A hobgoblin (D)
  3 jackals (D)
  A quokka (D)
  2 ball pythons (D)
16 creatures vanquished.

Vanquished Creatures (others)
  A golden eye (D)
1 creature vanquished.

Grand Total: 17 creatures vanquished

Notes
Turn   | Place    | Note
-------+----------+-------------------------------------------
     0 | D        | Fang the Gargoyle Berserker began the quest for the Orb.
     0 | D        | Reached XP level 1. HP: 14/14 MP: 1/1
     2 | D        | Killed a golden eye
    17 | D        | Reached XP level 2. HP: 16/20 MP: 2/2
    64 | D        | Reached ** piety under Trog
   188 | D        | Reached *** piety under Trog
   313 | D        | Reached skill level 5 in Fighting
   313 | D        | Reached XP level 3. HP: 24/26 MP: 3/3
   321 | D        | Reached **** piety under Trog
   527 | D        | Noticed Dowan
   528 | D        | Noticed Duvessa
   531 | D        | Noticed a bullfrog
   537 | D        | Killed Dowan
   537 | D        | Reached skill level 5 in Axes
   537 | D        | Reached XP level 4. HP: 27/32 MP: 4/4
   538 | D        | Reached skill level 1 in Stealth
   538 | D        | Reached XP level 5. HP: 26/37 MP: 5/5
   544 | D        | Killed Duvessa
   544 | D        | Reached ***** piety under Trog
   544 | D        | Reached skill level 5 in Armour
   544 | D        | Reached XP level 6. HP: 16/45 MP: 6/6
   552 | D        | Slain by an orc priest

Skill      XL: |  1  2  3  4  5 |
---------------+----------------+-----
Fighting       | 4 5 6 8 |  8.3
Axes           | 3 4 5 6 8 |  8.2
Dodging        | 2 3 4 |  4.2
Armour         | 3 4 5 |  5.1
Stealth        | 1 2 |  2.0

Action                   |  1- 3 |  4- 6 || total
-------------------------+-------+-------++-------
Melee: Hand axe          |    43 |    15 ||    58
Invok: Berserk           |     1 |       ||     1
Armor: Animal skin       |    17 |       ||    17
       Scale mail        |     3 |     3 ||     6
Dodge: Dodged            |    35 |    10 ||    45
